 Dungeon Crawl Stone Soup version 0.21.1-1-g345015fe64 (webtiles) character file.

70 Hercules1031 the Grave Robber (level 4, -4/30 HPs)
             Began as a Vampire Necromancer on June 9, 2018.
             Slain by Sigmund
             ... wielding a +0 scythe
              (10 damage)
             ... on level 2 of the Dungeon.
             The game lasted 00:14:01 (1543 turns).

Hercules1031 the Grave Robber (Vampire Necromancer) Turns: 1543, Time: 00:14:02

Health: -4/30      AC:  5    Str: 12    XL:     4   Next: 4%
Magic:  0/8        EV: 11    Int: 18    God:
Gold:   104        SH:  0    Dex: 14    Spells: 3/8 levels left

rFire    x . .     SeeInvis +   m - +1 short sword (speed)
rCold    + . .     Gourm    .   (no shield)
rNeg     + . .     Faith    .   r - +0 ring mail
rPois    .         Spirit   .   (no helmet)
rElec    .         Reflect  .   (no cloak)
rCorr    .         Harm     .   (no gloves)
MR       .....                  (no boots)
Stlth    ++........             (no amulet)
HPRegen  0.10/turn              n - ring of ice
MPRegen  0.11/turn              (no ring)

@: mighty, flying
A: fangs 3, see invisible, unbreathing
a: Bat Form


You were on level 2 of the Dungeon.
You were not thirsty.

You visited 1 branch of the dungeon, and saw 2 of its levels.

You collected 104 gold pieces.

Inventory:

Hand Weapons
 h - a -1 whip
 i - a +0 hand axe
 m - a +1 short sword of speed (weapon)
Armour
 a - a +2 robe
 q - a +1 scale mail
 r - a +0 ring mail (worn)
Jewellery
 k - a +3 ring of slaying {unknown}
 l - an uncursed amulet of the gourmand
 n - a ring of ice (left hand)
 o - a cursed -3 ring of intelligence
Scrolls
 e - a scroll of identify
 f - a scroll of fear
Potions
 c - a potion of blood
 d - a potion of flight
 p - a potion of heal wounds {unknown}
Books
 b - a book of Necromancy

   Spells                             Type                      Level
   a - Pain                           Necromancy                   1
   b - Animate Skeleton               Necromancy                   1
   c - Vampiric Draining              Necromancy                   3
   d - Regeneration                   Charms/Necromancy            3
   e - Animate Dead                   Necromancy                   4
   f - Borgnjor's Vile Clutch         Necromancy/Earth             5


   Skills:
 + Level 1.0 Short Blades
 + Level 2.7 Dodging
 + Level 4.0 Stealth
 * Level 2.9 Spellcasting
 * Level 4.7 Necromancy


You had 3 spell levels left.
You knew the following spells:

 Your Spells              Type           Power        Failure   Level  Hunger
a - Pain                  Necr           ###.         5%          1    None
b - Animate Skeleton      Necr           N/A          5%          1    None
c - Vampiric Draining     Necr           ###.......   16%         3    ###....


Dungeon Overview and Level Annotations

Branches:
Dungeon (2/15)

Altars:

Annotations:
D:2 Sigmund


Innate Abilities, Weirdness & Mutations

You have razor-sharp teeth.
You have supernaturally acute eyesight. (SInv)
You can survive without breathing.


Message History

You bump into the rock wall.
Sigmund barely misses you.
You bump into the rock wall.
Sigmund closely misses you.
Unknown command.
You feel less confused. Sigmund gestures at you while chanting.
The magic dart hits you!
* * * LOW HITPOINT WARNING * * *
It was a potion of might.
You feel very mighty all of a sudden.
Casting: Pain
Confirm with . or Enter, or press ? or * to list all spells.
Aiming: Pain
Press: ? - help, Shift-Dir - straight line, f/p - Sigmund
Aim: Sigmund, wielding a scythe and wearing a robe (moderately wounded, chance to defeat MR: 84%) Sigmund writhes in agony!
Sigmund casts a spell.
Sigmund flickers and vanishes for a moment.
Your magical contamination has completely faded away.
Sigmund hits you from afar with a scythe!
You die...

..****,* ####.#### **....#.....#.
..,,,,,* #.......# **##.........
...,,*** #.......# *#..#.##.#
,,,*,* #(......##### *#...#.†.
,,,#.#####%..........######......
,,,#.........<...###..)..........
***######........###......##.##..
#####.......†........###.
####.@....######### #.
#......#### ## **#*****
##.##.@..#### ,,...,,*
#..##.##..[.#####
,,.(...####.....#####.....###
,,...........#### #####...##
,,.......##### ###†.#**
,,.....##* #....# ,,....,* #....#


You could see Sigmund (invisible).

Vanquished Creatures
  4 adders (D:2)
  An ooze (D:2)
  2 leopard geckos (D:2)
  A ball python (D:2)
  5 goblins (D:1)
  4 hobgoblins
  6 bats
  2 frilled lizards (D:2)
  2 kobolds
  2 rats (D:1)
29 creatures vanquished.

Notes
Turn   | Place    | Note
-------+----------+-------------------------------------------
     0 | D:1      | Hercules1031 the Vampire Necromancer began the quest for the Orb.
     0 | D:1      | Reached XP level 1. HP: 13/13 MP: 3/3
    22 | D:1      | Learned a level 1 spell: Animate Skeleton
   259 | D:1      | Reached XP level 2. HP: 3/19 MP: 3/5
  1250 | D:2      | Reached XP level 3. HP: 6/24 MP: 1/6
  1369 | D:2      | Learned a level 3 spell: Vampiric Draining
  1510 | D:2      | Noticed Sigmund
  1533 | D:2      | Reached skill level 1 in Short Blades
  1533 | D:2      | Reached XP level 4. HP: 11/30 MP: 0/8
  1543 | D:2      | Slain by Sigmund

Skill      XL: |  1  2  3 |
---------------+----------+-----
Short Blades   | 1 |  1.0
Stealth        | 4 |  4.0
Dodging        | |  2.7
Spellcasting   | |  2.9
Necromancy     | |  4.7

Action                   |  1- 3 |  4- 6 || total
-------------------------+-------+-------++-------
Melee: Unarmed           |     7 |       ||     7
       Bite              |     5 |       ||     5
       Whip              |    13 |       ||    13
       Short sword       |    18 |       ||    18
 Cast: Pain              |    48 |     1 ||    49
  Use: Scroll            |    10 |       ||    10
       Potion            |     5 |     1 ||     6
 Stab: Sleeping          |     2 |       ||     2
  Eat: Corpse            |     3 |       ||     3
Armor: Robe              |    14 |       ||    14
       Ring mail         |     6 |       ||     6
Dodge: Dodged            |    69 |     3 ||    72
